 Dungeon Crawl Stone Soup version 0.21.1-1-g345015f (webtiles) character file.

235 Saeniel the Skirmisher (level 5, -1/64 HPs)
             Began as a Demonspawn Berserker on May 16, 2018.
             Was a Believer of Trog.
             Slain by a worm (9 damage)
             ... on level 2 of the Dungeon.
             The game lasted 00:08:54 (1657 turns).

Saeniel the Skirmisher (Demonspawn Berserker)       Turns: 1657, Time: 00:08:55

Health: -1/64      AC:  2    Str: 23    XL:     5   Next: 76%
Magic:  0/5        EV: 18    Int:  8    God:    Trog [**....]
Gold:   51         SH:  0    Dex: 18    Spells: 4/4 levels left

rFire    . . .     SeeInvis .   a - +0 hand axe
rCold    . . .     Gourm    .   (no shield)
rNeg     . . .     Faith    .   b - +0 animal skin
rPois    .         Spirit   +   (no helmet)
rElec    .         Reflect  .   (no cloak)
rCorr    .         Harm     .   (no gloves)
MR       .....                  (no boots)
Stlth    ..........             (no amulet)
HPRegen  0.20/turn              (no ring)
MPRegen  0.09/turn              (no ring)

@: agile, berserking (expiring), very quick
A: powered by pain 2, magic shield
a: Berserk, Trog's Hand, Burn Spellbooks, Renounce Religion


You were on level 2 of the Dungeon.
You worshipped Trog.
Trog was pleased with you.
You were not hungry.

You visited 1 branch of the dungeon, and saw 2 of its levels.

You collected 51 gold pieces.

Inventory:

Hand Weapons
 a - a +0 hand axe (weapon)
Missiles
 e - 5 tomahawks (quivered)
Armour
 b - a +0 animal skin (worn)
 f - a +0 pair of boots
Potions
 d - a potion of haste {unknown}
 g - a potion of flight {unknown}
Comestibles
 c - 3 rations


   Skills:
 * Level 4.4 Fighting
 * Level 4.1 Axes
 + Level 2.6 Armour
 + Level 2.7 Dodging


You had 4 spell levels left.
You didn't know any spells.

Dungeon Overview and Level Annotations

Branches:
Dungeon (2/15)

Altars:
Nemelex Xobeh


Innate Abilities, Weirdness & Mutations

You sometimes gain power by taking damage.
When hurt, damage is shared between your health and your magic reserves.


Message History

You barely miss the worm. You slash Sigmund!
Sigmund is almost dead.
You hit the worm. The worm completely misses you.
Sigmund looks at you with fury.
Sigmund points at you and mumbles some strange words.
The magic dart hits you!
* * * LOW HITPOINT WARNING * * *
You closely miss Sigmund.
Sigmund is almost dead.
You barely miss the worm. You hit Sigmund.
You kill Sigmund!
Trog accepts your kill.
Trog appreciates your killing of a magic user.
Your Fighting skill increases to level 4!
Your Axes skill increases to level 4!
You have reached level 5!
You hit the worm. The worm bites you!
You die...

### ####### #.#......# *..... ..#
#.)...# #........###...##
#.#####.....### #.#..#..........w
.....##.......###.#........<.....
#.##..#.....#.##.........†w......
..#*⌠.⌠.....#.........#..###.....
.##.._..########..#......# *,..##
....⌠.⌠## #)w......## *,,,#*
.##...## #@######## *,,,* .######
#.# *,,,** ....# ########.#
*,,,,*
.##.#####........#***********,,,,
.#.......<#***####*,,,,,,,* *,*,*
...>####### *,*****,***,*,, ###.#
*,,,,,,,,,,,,,, ###.#
*,**,,,*,*,,,,, ....#
*,**,*,,,*,,*,*


You could see a worm.

Vanquished Creatures
  Sigmund (D:2)
  A gnoll (D:1)
  2 adders (D:2)
  An ooze (D:1)
  A dart slug (D:1)
  2 leopard geckos
  4 giant cockroaches (D:1)
  3 goblins
  5 hobgoblins (D:1)
  7 jackals (D:1)
  6 bats
  3 frilled lizards (D:1)
  4 kobolds
  4 rats
44 creatures vanquished.

Notes
Turn   | Place    | Note
-------+----------+-------------------------------------------
     0 | D:1      | Saeniel the Demonspawn Berserker began the quest for the Orb.
     0 | D:1      | Reached XP level 1. HP: 18/18 MP: 1/1
    20 | D:1      | Gained mutation: When hurt, damage is shared between your health and your magic reserves. [demonic ancestry]
    20 | D:1      | Reached XP level 2. HP: 19/24 MP: 2/2
   500 | D:1      | Gained mutation: You sometimes gain a little power by taking damage. [demonic ancestry]
   500 | D:1      | Reached XP level 3. HP: 24/29 MP: 3/3
   666 | D:1      | Reached ** piety under Trog
  1451 | D:2      | Found a sparkling altar of Nemelex Xobeh.
  1517 | D:2      | Gained mutation: You sometimes gain power by taking damage. [demonic ancestry]
  1517 | D:2      | Reached XP level 4. HP: 24/37 MP: 2/4
  1632 | D:2      | Noticed Sigmund
  1657 | D:2      | Killed Sigmund
  1657 | D:2      | Reached XP level 5. HP: 8/43 MP: 1/5
  1657 | D:2      | Slain by a worm

Skill      XL: |  1  2  3  4 |
---------------+-------------+-----
Axes           | 3 4 |  4.1
Armour         | 2 |  2.6
Dodging        | 2 |  2.7
Fighting       | 4 |  4.4

Action                   |  1- 3 |  4- 6 || total
-------------------------+-------+-------++-------
Melee: Hand axe          |   147 |    16 ||   163
Invok: Berserk           |       |     1 ||     1
  Use: Scroll            |     1 |     1 ||     2
  Eat: Ration            |     1 |       ||     1
Armor: Animal skin       |    35 |     1 ||    36
Dodge: Dodged            |   104 |    12 ||   116
